 Dungeon Crawl Stone Soup version 0.30.1-4-g462c640d31 (webtiles) character file.

Game seed: 6897133637165061807

9 CaulkEyed the Ducker (level 2, 22/22 HPs)
             Began as a Demonspawn Gladiator on Sept 11, 2023.
             Quit the game on level 1 of the Dungeon.
             The game lasted 00:07:48 (278 turns).

CaulkEyed the Ducker (Demonspawn Gladiator)          Turns: 278, Time: 00:07:48

Health: 22/22      AC:  8    Str: 14    XL:     2   Next: 3%
Magic:  2/2        EV: 11    Int:  9    God:
Gold:   8          SH:  0    Dex: 14    Spells: 1/1 levels left

rFire   . . .        a - +0 trident
rCold   . . .        (no shield)
rNeg    . . .        g - +0 ring mail
rPois   .            c - +0 helmet
rElec   .            (no cloak)
rCorr   .            (no gloves)
SInv    .            (no boots)
Will    .....        (no amulet)
Stlth   +            (no ring)
HPRegen 0.23/turn    (no ring)
MPRegen 0.08/turn

%: no passive effects
@: no status effects
A: molten scales 1
a: no special abilities


You were on level 1 of the Dungeon.
You visited 1 branch of the dungeon, and saw 1 of its levels.

You collected 8 gold pieces.

Inventory:

Hand Weapons
 a - a +0 trident (weapon)
 h - a +0 dagger
 i - a +0 whip
Missiles
 d - 3 throwing nets (quivered)
 e - a javelin
 f - 12 stones
Armour
 b - a +0 leather armour
 c - a +0 helmet (worn)
 g - a +0 ring mail (worn)
Scrolls
 j - a scroll of identify {unknown}


   Skills:
 + Level 2.0 Fighting
 + Level 2.8 Polearms
 + Level 1.7 Throwing
 + Level 3.1 Dodging


You had one spell level left.
You didn't know any spells.
Your spell library contained the following spells:

 Spells                   Type           Power      Damage    Failure   Level
 Summon Small Mammal      Summ           0%         N/A       63%         1
 Call Canine Familiar     Summ           0%         N/A       94%         3
 Summon Guardian Golem    Hex/Summ       0%         N/A       94%         3


Dungeon Overview and Level Annotations

Branches:
Dungeon (1/15)

Altars:


Innate Abilities, Weirdness & Mutations

You are partially covered in molten scales. (AC +2)


Message History

j - a scroll labelled XOF RIKEMETIPRUT Reach: a) +0 trident
Press: ? - help, Dir - move target, f - goblin
Aim: a goblin, wielding a +0 dagger (about 49% to evade your +0 trident)
You puncture the goblin!
You kill the goblin!
Your Dodging skill increases to level 3!
You see here a +0 dagger.
f - 12 stones (gained 2)
There are no items here.
You now have 8 gold pieces.
There are no items here.
Found a stone staircase leading down.
There is a stone staircase leading down here.
A quokka comes into view.
The quokka moves out of view.
The quokka barely misses you.
You closely miss the quokka. The quokka barely misses you.
You puncture the quokka!
You kill the quokka! 2 jackals come into view.
The jackal barks! x2
A rat comes into view.
You see here a quokka corpse.
The jackal bites you but does no damage.
The jackal barely misses you. The jackal closely misses you. x2
You miss the jackal.
The jackal bites you but does no damage. x3
You hit the jackal but do no damage. The jackal closely misses you.
The jackal barely misses you.
The jackal bites you but does no damage.
The rat bites you but does no damage.
You puncture the jackal!
You kill the jackal!
The jackal closely misses you. The jackal misses you.
The rat bites you but does no damage.
You have reached level 2!
Your demonic ancestry asserts itself...
Molten scales grow over part of your body.
Are you sure you want to abandon this character and quit the game? (Confirm with "yes".)

..... #...#
###.# #...# #
#...# #...#
#...#
.#####...######
........r......
.......@†......
........h......
.#####...######
#.†.# ## #...#
.. ###...### #.
#.......#
####.####
#.#...#.# #....
..# #.#...#.##
##.##.##.#


You could see a jackal and a rat.

Vanquished Creatures
  A jackal (D:1)
  A quokka (D:1)
  A bat (D:1)
  A frilled lizard (D:1)
  3 goblins (D:1)
  2 kobolds (D:1)
9 creatures vanquished.

Notes
Turn   | Place    | Note
-------+----------+-------------------------------------------
     0 | D:1      | CaulkEyed the Demonspawn Gladiator began the quest for the
                  | Orb.
     0 | D:1      | Reached XP level 1. HP: 16/16 MP: 1/1
   235 | D:1      | Reached skill level 3 in Dodging
   278 | D:1      | Gained mutation: You are partially covered in molten
                  | scales. (AC +2) [demonic ancestry]
   278 | D:1      | Reached XP level 2. HP: 22/22 MP: 2/2
   278 | D:1      | Quit the game

Illustrated notes

Levels and vault maps discovered:
D:1:      heliophobic_arrival_battle_scene, layout_loops_cross,
          shapermc_ecumenical_altar_flowoftime

Skill      XL: |  1 |
---------------+----+-----
Dodging        | 3 |  3.1
Fighting       | |  2.0
Polearms       | |  2.8
Throwing       | |  1.7

Action                     || total
---------------------------++-------
  Melee: Trident           ||    19
 Armour: Ring mail         ||     9
  Dodge: Dodged            ||    12
